Map: Submarine LE

Players

ViBE - Winner!

  • Race: Terran Terran
  • League: Gold
  • Spawn Location: 5:00

Name

  • Race: Zerg Zerg
  • League: Gold
  • Spawn Location: 11:00

VOD

Have the link to the VOD?

Description

Time

  • Played on: March 24, 2021, 9:55 p.m.
  • Length: 12:21
Show
View Real Time Build Order
Export as new Build Order

ViBE Terran - Winner!

Build Orders:  

Get SALT Encoding   

  12  0:00  SCV  
  13  0:13  SCV  
  14  0:20  Supply Depot  
  14  0:25  SCV  
  15  0:42  SCV  
  16  0:44  Barracks  
  16  0:47  Refinery  
  16  0:54  SCV  
  17  1:08  SCV  
  18  1:20  SCV  
  19  1:33  Marine  
  19  1:37  Orbital Command  
  20  1:46  Command Center  
  20  1:53  Supply Depot  
  20  1:56  Marine  
  21  2:03  Factory  
  21  2:05  SCV  
  22  2:18  SCV  
  23  2:25  Barracks Reactor  
  23  2:30  SCV  
  24  2:42  SCV  
  25  2:45  Supply Depot  
  25  2:47  Factory Tech Lab  
  25  2:49  Barracks  
  25  2:54  SCV  
  25  2:57  Refinery  
  26  3:00  Orbital Command  
  26  3:05  Marine x2  
  28  3:06  SCV  
  28  3:09  Siege Tank  
  32  3:18  SCV  
  32  3:19  Supply Depot  
  33  3:27  SCV  
  33  3:30  SCV  
  33  3:31  Marine x2  
  37  3:37  Barracks Tech Lab  
  37  3:39  SCV  
  37  3:40  Starport  
  38  3:44  SCV  
  39  3:51  SCV  
  39  3:52  Supply Depot  
  40  3:55  Marine  
  40  3:56  Marine x2  
  40  3:58  SCV  
  44  4:03  SCV  
  44  4:05  Siege Tank  
  48  4:12  SCV  
  48  4:15  SCV, Supply Depot  
  50  4:18  Marine x3  
  50  4:19  Starport Reactor  
  54  4:31  SCV x2  
  55  4:38  Supply Depot  
  55  4:43  SCV x2  
  55  4:44  Marine x3, Siege Tank  
  63  4:55  SCV x2  
  65  5:01  Command Center  
  65  5:07  SCV x2  
  65  5:11  Refinery x2  
  65  5:12  Medivac x2  
  65  5:13  Marine x2  
  65  5:14  Marine  
  74  5:19  SCV  
  74  5:20  SCV  
  76  5:24  Supply Depot  
  76  5:25  Supply Depot  
  76  5:27  Supply Depot  
  76  5:31  SCV  
  76  5:32  SCV  
  76  5:33  Marine  
  76  5:34  Marine x2  
  81  5:44  SCV x2  
  83  5:57  SCV x2  
  83  5:59  Marine, Stimpack  
  83  6:00  Marine x2  
  88  6:06  Barracks  
  88  6:07  Barracks  
  88  6:08  Barracks x2  
  88  6:10  SCV x2  
  90  6:13  Orbital Command  
  90  6:17  Marine x3  
  93  6:22  SCV x2  
  95  6:28  Orbital Command  
  92  6:34  SCV  
  92  6:35  SCV  
  88  6:46  SCV, Engineering Bay  
  86  6:47  SCV  
  86  6:49  Engineering Bay  
  86  6:55  Barracks Reactor  
  86  6:56  Barracks Reactor x3  
  86  6:57  SCV  
  86  6:59  SCV x2, Medivac x2  
  86  7:00  Marine x3  
  91  7:09  SCV  
  91  7:11  SCV x2  
  91  7:13  Command Center  
  94  7:18  Marine x3  
  94  7:21  SCV  
  94  7:22  Supply Depot  
  98  7:23  SCV x2  
  98  7:26  Terran Infantry Armor Level 1, Terran Infantry Weapons Level 1  
  100  7:34  SCV  
  100  7:35  SCV x2, Marine x2  
  100  7:36  Marine x9  
  114  7:39  Supply Depot  
  114  7:40  Supply Depot x2  
  114  7:41  Armory  
  114  7:43  Medivac  
  114  7:44  Medivac  
  118  7:46  SCV  
  118  7:47  SCV x2  
  120  7:54  Supply Depot  
  120  7:55  Refinery x2  
  120  7:58  SCV  
  118  7:59  SCV  
  118  8:02  Marine x8  
  118  8:03  Marine x3  
  118  8:04  Supply Depot  
  118  8:05  SCV  
  128  8:10  SCV  
  129  8:18  Supply Depot  
  129  8:19  Supply Depot  
  129  8:20  Marine  
  129  8:25  SCV x3  
  133  8:32  Marine x2  
  133  8:33  Marine x8  
  143  8:35  Thor  
  143  8:36  Medivac x2  
  143  8:38  Terran Vehicle Weapons Level 1  
  153  8:46  SCV x3  
  156  8:56  Marine  
  156  8:57  Marine x10  
  156  8:58  Supply Depot  
  167  9:07  Command Center  
  167  9:14  Marine  
  167  9:15  SCV x3  
  171  9:20  Thor  
  171  9:21  Marine x2, Medivac x2  
  171  9:22  Marine x3  
  186  9:29  Combat Shield  
  186  9:32  Terran Infantry Armor Level 2, Terran Infantry Weapons Level 2  
  186  9:35  Marine  
  187  9:50  Planetary Fortress  
  187  10:00  Marine x9  
  187  10:01  Marine x2  
  187  10:03  Medivac  
  199  10:17  Missile Turret  
  199  10:18  Missile Turret x2  
  199  10:19  Missile Turret  
  196  10:22  Missile Turret x2  
  196  10:24  Missile Turret x2  
  196  10:25  Missile Turret  
  196  10:28  SCV x4  
  199  10:31  Missile Turret  
  196  10:36  Missile Turret  
  196  10:38  Missile Turret  
  196  10:40  SCV x4  
  196  10:52  SCV x3  
  199  11:03  Planetary Fortress  
  199  11:13  Missile Turret x2  
  199  11:14  Missile Turret  
  196  11:31  Barracks, Factory  
  195  11:33  Starport, Barracks x2  
  195  11:39  Barracks  
  195  11:41  Barracks x2  
  195  11:46  Barracks  
  195  11:47  Barracks  
  195  11:48  Barracks  
  195  11:49  Barracks  
  195  11:50  Barracks  
  195  11:51  Barracks  
  195  11:52  Barracks  
  194  11:57  Marine  
  194  11:58  Marine x10  
  179  12:10  Missile Turret  
Show
View Real Time Build Order
Export as new Build Order

Name Zerg 

Build Orders: Hatch First 

Get SALT Encoding   

  12  0:02  Drone  
  13  0:10  Drone  
  14  0:18  Overlord  
  14  0:48  Drone  
  14  0:49  Hatchery  
  14  0:54  Drone  
  15  1:03  Drone  
  16  1:13  Spawning Pool  
  16  1:15  Extractor  
  14  1:28  Extractor  
  14  1:30  Drone  
  14  1:32  Drone  
  15  1:33  Drone  
  16  1:44  Drone  
  17  1:53  Drone  
  18  2:06  Zergling x4  
  20  2:09  Queen  
  20  2:11  Queen  
  20  2:15  Drone  
  25  2:20  Drone  
  26  2:30  Drone  
  26  2:34  Drone  
  28  2:40  Overlord x2  
  28  2:43  Metabolic Boost  
  28  2:58  Drone  
  28  3:06  Zergling x8  
  32  3:24  Baneling Nest  
  32  3:27  Zergling x4  
  32  3:32  Drone x2  
  32  3:33  Drone, Hatchery  
  35  3:45  Drone x2  
  37  3:52  Zergling x6  
  40  3:59  Evolution Chamber  
  35  4:20  Drone x4  
  35  4:22  Drone x4  
  43  4:32  Zerg Missile Weapons Level 1  
  43  4:37  Drone  
  44  4:39  Hatchery  
  44  4:41  Extractor  
  44  4:45  Spine Crawler  
  41  4:47  Spine Crawler  
  41  4:52  Drone x2  
  42  4:53  Drone x3  
  45  5:08  Overlord x3  
  45  5:16  Extractor  
  45  5:17  Lair  
  45  5:18  Pneumatized Carapace  
  44  5:22  Zergling x4  
  44  5:23  Zergling x2  
  47  5:29  Baneling x5  
  47  5:30  Baneling  
  47  5:36  Drone x2  
  49  5:47  Spore Crawler  
  48  5:57  Drone x6  
  48  6:00  Drone  
  48  6:01  Drone x5  
  60  6:22  Spore Crawler  
  59  6:25  Spine Crawler  
  49  7:11  Spine Crawler  
  49  7:12  Drone  
  49  7:13  Drone x15  
  49  7:14  Drone  
  65  7:21  Drone  
  66  7:25  Spire  
  66  7:28  Zerg Missile Weapons Level 2  
  65  7:33  Roach Warren  
  64  7:37  Nydus Network  
  64  7:40  Zergling x14  
  65  8:15  Hatchery  
  64  8:22  Drone x3  
  64  8:25  Spore Crawler  
  66  8:34  Extractor  
  66  8:37  Hydralisk Den  
  66  8:38  Zerg Flyer Weapons Level 1  
  66  8:39  Glial Reconstitution  
  64  8:44  Mutalisk  
  64  8:45  Mutalisk x4  
  74  8:50  Extractor  
  74  8:53  Extractor  
  72  8:56  Drone  
  72  8:57  Drone x7  
  72  8:58  Overlord x2  
  72  8:59  Overlord  
  72  9:00  Overlord x2  
  80  9:17  Mutalisk x3  
  86  9:25  Infestation Pit  
  86  9:30  Evolution Chamber  
  84  9:33  Drone  
  84  9:34  Drone x14  
  99  9:51  Hatchery  
  98  9:55  Extractor  
  98  9:56  Extractor  
  98  9:58  Spore Crawler  
  95  10:00  Spore Crawler  
  95  10:01  Mutalisk  
  95  10:02  Mutalisk x3  
  102  10:48  Roach  
  102  10:49  Roach x11  
  126  10:50  Overlord  
  126  10:51  Overlord x14  
  126  11:02  Queen  
  127  11:29  Baneling x5  
  127  11:30  Baneling x9  
  126  11:37  Queen  
  120  11:48  Spine Crawler  
Tags
 
League
GoldGold
Matchup
TvZ
Player
ViBE
Replay Pack
Gold_League
Spawn Locations
Cross Positions
Add a new tag
Caveats
  • Supply blocks, unpowered buildings, or Contaminate may cause inaccurate times.
  • Supply counts are checked every 10 seconds.